 Dungeon Crawl Stone Soup version 0.25-b1-39-g0d900dab71 (webtiles) character file.

Game seed: 15841883716108468590

199 snowfan the Magician (level 5, -8/35 HPs)
             Began as a Mummy Ice Elementalist on June 7, 2020.
             Was an Initiate of Vehumet.
             Mangled by an ogre
             ... wielding a +0 giant club
              (14 damage)
             ... on level 4 of the Dungeon on June 8, 2020.
             The game lasted 00:17:43 (4896 turns).

snowfan the Magician (Mummy Ice Elementalist)       Turns: 4896, Time: 00:17:43

Health: -8/35      AC:  4    Str: 11    XL:     5   Next: 48%
Magic:  3/14       EV: 12    Int: 15    God:    Vehumet [......]
Gold:   244        SH:  0    Dex: 13    Spells: 7/18 levels left

rFire    x . .     SeeInvis .   e - +0 dagger (venom)
rCold    + . .     Gourm    .   (no shield)
rNeg     + + +     Faith    .   a - +0 robe
rPois    ∞         Spirit   .   (no helmet)
rElec    .         Reflect  .   o - +0 cloak
rCorr    .         Harm     .   (no gloves)
MR       .....     Rnd*Tele +   k - +0 pair of boots
Stlth    ++........             (no amulet)
HPRegen  0.11/turn              n - ring of teleportation (curse)
MPRegen  0.14/turn              (no ring)

@: very slightly contaminated
A: no food or potions, fire vulnerability, cold resistance 1, negative energy
resistance 3, torment resistance, unbreathing
a: Renounce Religion


You were on level 4 of the Dungeon.
You worshipped Vehumet.
Vehumet was noncommittal.
You were not hungry.

You visited 2 branches of the dungeon, and saw 5 of its levels.

You collected 244 gold pieces.

Inventory:

Hand Weapons
 e - a +0 dagger of venom (weapon)
Missiles
 d - 80 stones (quivered)
Armour
 a - a +0 robe (worn)
 k - a +0 pair of boots (worn)
 o - a +0 cloak (worn)
Jewellery
 n - a cursed ring of teleportation (left hand)
Scrolls
 b - 6 scrolls of teleportation {unknown}
 c - a scroll of enchant armour {unknown}
 f - 2 scrolls of enchant weapon {unknown}
 g - 2 scrolls of amnesia {unknown}
 h - 7 scrolls of identify {unknown}
 i - a scroll of magic mapping {unknown}
 j - a scroll of fear {unknown}
 l - 2 scrolls of fog {unknown}
 m - a scroll of immolation {unknown}


   Skills:
 - Level 1.5 Dodging
 - Level 1.5 Stealth
 + Level 7.1 Spellcasting
 - Level 3.2 Ice Magic


You had 7 spell levels left.
You knew the following spells:

 Your Spells              Type           Power        Failure   Level  Hunger
a - Freeze                Ice            ###.         3%          1    N/A
r - Ozocubu's Armour      Chrm/Ice       ##......     21%         3    N/A
s - Hailstorm             Conj/Ice       ##......     54%         4    N/A
w - Frozen Ramparts       Ice            ###...       11%         3    N/A

Your spell library contained the following spells:

 Spells                   Type           Power        Failure   Level  Hunger
 Summon Ice Beast         Ice/Summ       ##......     54%         4    N/A

Dungeon Overview and Level Annotations

Branches:
Dungeon (4/15)             Temple (1/1) D:4

Altars:
Ashenzari
Cheibriados
Dithmenos
Elyvilon
Hepliaklqana
Makhleb
Okawaru
Qazlal
Ru
Sif Muna
Trog
Vehumet
Wu Jian
Xom
Yredelemnul
Zin


Innate Abilities, Weirdness & Mutations

You do not eat or drink.
Your flesh is vulnerable to fire.
You are immune to poison.
Your flesh is cold resistant. (rC+)
You are immune to negative energy. (rN+++)
You are immune to unholy pain and torment.
You can survive without breathing.


Message History

Aim: an ogre, wielding a +0 giant club (heavily wounded)
You freeze the ogre.
The ogre is heavily wounded.
The ogre completely misses you.
Casting: Freeze (safe; 3% risk of failure)
Confirm with . or Enter, or press ? or * to list all spells.
Aiming: Freeze (safe; 3% risk of failure)
Press: ? - help, Shift-Dir - straight line, f/p - ogre
Aim: an ogre, wielding a +0 giant club (heavily wounded)
You freeze the ogre.
The ogre is almost dead.
Casting: Freeze (safe; 3% risk of failure)
Confirm with . or Enter, or press ? or * to list all spells.
Aiming: Freeze (safe; 3% risk of failure)
Press: ? - help, Shift-Dir - straight line, f/p - ogre
Aim: an ogre, wielding a +0 giant club (almost dead)
You freeze the ogre.
The ogre is almost dead.
The ogre hits you with a +0 giant club!
You die...

#.# ####.......).....####.......
#.#########..####................
#.....#......# ##.....###........
#####.#.###>.###.#..>#.##........
#.#.# #..##.......###.##.####
#.#.# #..##.##....# #.#### #...#
#..##.###.#÷# #.#
#######.....###.#.###.#
........@O.....÷..#
....#######.#.###.# ####
#.#.###.####### #.#............
#.###.######### #.....# #######


You could see an ogre.

Vanquished Creatures
  Natasha (D:2)
  A worker ant (D:2)
  6 adders
  3 gnolls (D:4)
  An adder skeleton (D:4)
  2 worms
  A dart slug (D:2)
  5 leopard geckos
  3 orcs
  2 giant cockroaches
  3 hobgoblins
  4 jackals (D:4)
  2 kobolds
  A quokka (D:4)
  2 ball pythons
  5 bats
  4 frilled lizards
  4 goblins
  A quokka skeleton (D:3)
  6 rats
57 creatures vanquished.

Notes
Turn   | Place    | Note
-------+----------+-------------------------------------------
     0 | D:1      | snowfan the Mummy Ice Elementalist began the quest for the
                  | Orb.
     0 | D:1      | Reached XP level 1. HP: 13/13 MP: 4/4
   221 | D:1      | Reached skill level 3 in Spellcasting
   463 | D:1      | Reached XP level 2. HP: 19/19 MP: 2/6
  1312 | D:2      | Found an iron altar of Okawaru.
  1406 | D:2      | Reached skill level 4 in Spellcasting
  1406 | D:2      | Reached XP level 3. HP: 24/24 MP: 6/9
  1444 | D:2      | Found a shimmering altar of Xom.
  1656 | D:2      | Learned a level 3 spell: Frozen Ramparts
  1783 | D:2      | Noticed Natasha
  1787 | D:2      | Killed Natasha
  1787 | D:2      | Reached skill level 5 in Spellcasting
  1914 | D:2      | Reached XP level 4. HP: 30/30 MP: 9/11
  2779 | D:3      | Found an ornate altar of the Wu Jian Council.
  3084 | D:3      | Reached skill level 6 in Spellcasting
  3449 | D:3      | Learned a level 3 spell: Ozocubu's Armour
  3473 | D:3      | Found a radiant altar of Vehumet.
  3481 | D:3      | Became a worshipper of Vehumet
  3527 | D:3      | Learned a level 4 spell: Hailstorm
  3567 | D:3      | Found a white marble altar of Elyvilon.
  3718 | D:4      | Found a staircase to the Ecumenical Temple.
  3727 | Temple   | Entered the Ecumenical Temple
  4117 | D:4      | Reached XP level 5. HP: 35/35 MP: 5/13
  4503 | D:4      | Reached skill level 7 in Spellcasting
  4878 | D:4      | Noticed an ogre
  4896 | D:4      | Mangled by an ogre

Illustrated notes

Levels and vault maps discovered:
D:1:      lemuel_arrival_broad_hall, layout_loops_ring, serial_forest,
          infiniplex_forest_lined_3_way, infiniplex_forest_zigzag_1,
          infiniplex_forest_clump_diagonal, infiniplex_forest_end_2,
          infiniplex_forest_corner_1, infiniplex_forest_clump_medium,
          infiniplex_forest_clump_C
D:2:      layout_basic, okawaru_ov_weapons_minmay, first_ration,
          minmay_tree_intersection, xom_teletrap_fun, uniq_natasha
D:3:      layout_loops_ring, vehumet_crystals, nicolae_overflow_hidden_temple,
          elyvilon_altar_5, minmay_goblin_outpost
D:4:      layout_loops_ring, lemuel_temple_firewalk_b
Temple:   minmay_temple_bridge_abc

Skill      XL: |  1  2  3  4  5 |
---------------+----------------+-----
Spellcasting   | 3 4 5 6 7 |  7.1
Dodging        | |  1.5
Stealth        | |  1.5
Ice Magic      | |  3.2

Action                   |  1- 3 |  4- 6 || total
-------------------------+-------+-------++-------
Melee: Dagger            |    18 |    22 ||    40
       Unarmed           |     1 |       ||     1
Throw: Stone             |       |    12 ||    12
 Cast: Freeze            |    23 |    13 ||    36
       Frozen Ramparts   |     4 |    23 ||    27
       Ozocubu's Armour  |       |     1 ||     1
       Hailstorm         |       |     1 ||     1
 Stab: Sleeping          |     2 |       ||     2
Armor: Robe              |    15 |    13 ||    28
Dodge: Dodged            |    35 |    43 ||    78
